 Dungeon Crawl Stone Soup version 0.20-a0-876-g2c7b0bf (webtiles) character file.

228 GlassEater the Chopper (level 6, -5/53 HPs)
             Began as a Hill Orc Fighter on Mar 15, 2017.
             Slain by superterranean's ghost (11 damage)
             ... on level 3 of the Dungeon.
             The game lasted 00:04:00 (1264 turns).

GlassEater the Chopper (Hill Orc Fighter)           Turns: 1264, Time: 00:04:00

Health: -5/53      AC:  9    Str: 19    XL:     6   Next: 2%
Magic:  6/6        EV:  5    Int:  8    God:
Gold:   132        SH:  9    Dex: 12    Spells: 5/5 levels left

rFire    + . .     SeeInvis .   a - +1 war axe
rCold    + . .     Gourm    .   h - +0 chain mail
rNeg     . . .     Faith    .   c - +0 shield
rPois    .         Spirit   .   (no helmet)
rElec    .         Reflect  .   p - scarf {rC+ rF+}
rCorr    .         Harm     .   (no gloves)
MR       .....                  (no boots)
Stlth    ..........             (no amulet)
Regen    0.2/turn               (no ring)
MPRegen  0.1/turn               (no ring)

@: about to teleport
A: no striking features
a: no special abilities


You were on level 3 of the Dungeon.
You were hungry.

You visited 1 branch of the dungeon, and saw 3 of its levels.

You collected 132 gold pieces.

Inventory:

Hand Weapons
 a - a +1 war axe (weapon)
Missiles
 s - 39 bolts
Armour
 c - a +0 shield (worn)
 h - a +0 chain mail (worn)
 p - a scarf of resistance (worn)
Scrolls
 g - a scroll of identify
 j - 2 scrolls of remove curse
 q - a scroll of immolation
Potions
 b - 2 potions of curing
 k - a potion of flight {unknown}
 l - a potion of resistance {unknown}
 m - a potion of lignification {unknown}
 n - 3 potions of agility {unknown}
 r - a potion of brilliance {unknown}
Books
 v - a book of Minor Magic

   Spells                             Type                      Level
   a - Magic Dart                     Conjuration                  1
   b - Blink                          Translocation                2
   c - Call Imp                       Summoning                    2
   d - Slow                           Hexes                        2
   e - Conjure Flame                  Conjuration/Fire             3
   f - Mephitic Cloud                 Conjuration/Poison/Air       3
Comestibles
 f - 3 bread rations
 i - a meat ration
 o - 3 chunks of flesh


   Skills:
 + Level 4.6 Fighting
 + Level 5.3 Axes
 + Level 4.1 Armour
 + Level 4.6 Shields


You had 5 spell levels left.
You didn't know any spells.

Dungeon Overview and Level Annotations

Branches:
Dungeon (3/15)

Altars:

Annotations:
D:3 Terence; superterranean's ghost, amateur TrSk


Message History

You block superterranean's ghost's attack.
As you read the scroll labeled HISHAXK REVAFOMN, it crumbles to dust.
The scroll dissolves into smoke.
It was a scroll of fog.
You are feeling hungry.
Superterranean's ghost hits you.
* * * LOW HITPOINT WARNING * * *
As you read the scroll labeled DELOOTR HIVUSCHICOL, it crumbles to dust.
It is a scroll of enchant weapon.
Your +0 war axe glows red for a moment.
You block superterranean's ghost's attack.
As you read the scroll labeled YTYEHA TONG, it crumbles to dust.
It is a scroll of recharging.
You aren't carrying any rechargeable items.
Superterranean's ghost hits you.
* * * LOW HITPOINT WARNING * * *
As you read the scroll labeled FOONAO LENIE, it crumbles to dust.
You feel strangely unstable.
It was a scroll of teleportation.
Superterranean's ghost whispers, "The ORB doesn't exist."
Superterranean's ghost hits you!
You die...

#..# ..>.
#..# #..#
#..#
#######..#
......§@§#
#######W##
#@# ###
#§# #..
#§# #.#
#.# #.#
#.###.##
#......#
#####..#
#..# #..#


You could see Terence (inner flame) and superterranean's ghost (inner flame).

Vanquished Creatures
  Sigmund (D:2)
  A gnoll (D:1)
  An adder (D:3)
  3 worms (D:2)
  A leopard gecko (D:1)
  3 ball pythons
  3 giant cockroaches
  4 goblins
  7 hobgoblins
  8 kobolds
  A quokka (D:3)
  4 bats (D:1)
  3 frilled lizards
  2 rats (D:2)
42 creatures vanquished.

Notes
Turn   | Place    | Note
-------+----------+-------------------------------------------
     0 | D:1      | GlassEater the Hill Orc Fighter began the quest for the Orb.
     0 | D:1      | Reached XP level 1. HP: 19/19 MP: 1/1
   114 | D:1      | Reached XP level 2. HP: 24/27 MP: 2/2
   121 | D:1      | Reached skill level 3 in Axes
   227 | D:1      | Reached XP level 3. HP: 30/33 MP: 3/3
   897 | D:2      | Noticed Sigmund
   904 | D:2      | Killed Sigmund
   904 | D:2      | Reached skill level 5 in Axes
   904 | D:2      | Reached XP level 4. HP: 41/41 MP: 4/4
   904 | D:2      | Reached XP level 5. HP: 47/47 MP: 5/5
  1243 | D:3      | Noticed superterranean's ghost (amateur TrSk)
  1245 | D:3      | Reached XP level 6. HP: 52/53 MP: 6/6
  1248 | D:3      | Noticed Terence
  1264 | D:3      | Slain by superterranean's ghost

Vault maps used:
D:1:      lightli_arrival_noodles, minmay_pentomino_s4
D:2:      first_bread, uniq_sigmund
D:3:      gammafunk_temple_overflow_forgotten, uniq_terence

Skill      XL: |  1  2  3 |
---------------+----------+-----
Axes           | 3 5 |  5.3
Fighting       | 4 |  4.6
Shields        | 4 |  4.6
Armour         | 4 |  4.1

Action                   |  1- 3 |  4- 6 || total
-------------------------+-------+-------++-------
Melee: War axe           |   113 |    37 ||   150
  Use: Potion            |     1 |       ||     1
       Scroll            |       |     7 ||     7
  Eat: Chunk             |       |     1 ||     1
Armor: Scale mail        |    17 |       ||    17
       Chain mail        |    62 |    10 ||    72
Dodge: Dodged            |    31 |     7 ||    38
Block: Shield            |    93 |    14 ||   107
